Map: Orbital Shipyard

Players

FLORENCIO - Winner!

  • Race: Protoss Protoss
  • League: Diamond

Sampro

  • Race: Zerg Zerg
  • League: Diamond

VOD

Have the link to the VOD?

Description

Good long game

Time

  • Played on: Jan. 17, 2016, 7:10 p.m.
  • Length: 24:38
Show
View Real Time Build Order
Export as new Build Order

FLORENCIO Protoss - Winner!

Build Orders:  

Get SALT Encoding   

  12  0:01  Probe (Chrono Boost)  
  13  0:15  Pylon  
  13  0:18  Probe (Chrono Boost)  
  14  0:29  Probe (Chrono Boost)  
  15  0:39  Probe (Chrono Boost)  
  17  0:50  Probe (Chrono Boost)  
  17  0:51  Pylon  
  17  1:10  Gateway  
  17  1:13  Gateway  
  17  1:19  Gateway  
  17  1:25  Gateway  
  17  1:40  Forge  
  17  1:50  Pylon  
  17  1:57  Zealot  
  19  2:01  Zealot  
  21  2:09  Pylon  
  21  2:11  Zealot  
  21  2:13  Zealot  
  25  2:23  Photon Cannon  
  25  2:29  Zealot  
  27  2:36  Zealot  
  29  2:43  Zealot  
  31  2:50  Zealot  
  33  3:05  Zealot x2  
  37  3:42  Zealot  
  37  3:43  Zealot x3  
  41  4:03  Pylon  
  41  4:09  Zealot  
  43  4:10  Zealot x2  
  43  4:14  Photon Cannon  
  47  4:21  Zealot  
  49  4:28  Photon Cannon  
  49  4:37  Zealot x2  
  35  5:25  Assimilator  
  31  5:30  Assimilator  
  23  5:39  Photon Cannon x2  
  23  5:42  Photon Cannon  
  23  5:43  Pylon  
  23  5:55  Nexus  
  23  6:11  Cybernetics Core  
  23  6:16  Assimilator  
  17  6:36  Probe (Chrono Boost)  
  18  6:47  Probe (Chrono Boost)  
  19  6:55  Stargate  
  19  6:58  Probe (Chrono Boost)  
  20  7:07  Probe (Chrono Boost)  
  22  7:08  Probe (Chrono Boost)  
  22  7:18  Probe (Chrono Boost)  
  22  7:19  Probe (Chrono Boost)  
  24  7:29  Probe (Chrono Boost)  
  25  7:36  Stargate  
  25  7:40  Mothership Core (Chrono Boost)  
  25  7:42  Probe (Chrono Boost)  
  25  7:43  Pylon  
  28  7:53  Oracle  
  31  7:59  Assimilator  
  31  8:02  Probe (Chrono Boost)  
  32  8:19  Oracle  
  35  8:28  Probe (Chrono Boost)  
  35  8:29  Probe (Chrono Boost)  
  37  8:36  Oracle  
  37  8:39  Probe (Chrono Boost)  
  41  8:52  Pylon  
  41  8:59  Oracle (Chrono Boost)  
  44  9:03  Probe (Chrono Boost)  
  45  9:11  Pylon  
  45  9:15  Oracle (Chrono Boost)  
  48  9:20  Probe  
  49  9:30  Probe  
  50  9:42  Probe  
  50  9:43  Probe  
  50  9:45  Void Ray (Chrono Boost)  
  56  9:55  Void Ray (Chrono Boost), Probe  
  61  10:28  Void Ray (Chrono Boost)  
  62  10:59  Void Ray (Chrono Boost)  
  62  11:01  Nexus  
  62  11:03  Pylon  
  66  11:11  Void Ray (Chrono Boost)  
  70  11:31  Stargate  
  70  11:35  Pylon  
  70  11:36  Void Ray (Chrono Boost)  
  74  11:54  Void Ray (Chrono Boost)  
  75  12:24  Void Ray (Chrono Boost)  
  83  12:30  Void Ray (Chrono Boost)  
  83  12:36  Void Ray (Chrono Boost)  
  65  13:02  Probe, Twilight Council  
  57  13:12  Probe  
  57  13:14  Mothership Core  
  57  13:19  Photon Cannon, Void Ray (Chrono Boost)  
  64  13:21  Photon Cannon  
  64  13:23  Photon Cannon, Probe  
  64  13:25  Photon Cannon  
  64  13:26  Pylon  
  69  13:27  Void Ray (Chrono Boost)  
  69  13:34  Probe  
  70  13:44  Probe  
  71  13:55  Probe  
  72  14:03  Assimilator  
  72  14:05  Probe  
  72  14:06  Void Ray (Chrono Boost), Assimilator  
  85  14:12  Void Ray x2 (Chrono Boost)  
  85  14:16  Probe  
  85  14:17  Gateway  
  85  14:19  Warp Gate, Gateway  
  86  14:26  Probe  
  87  14:37  Probe  
  88  14:47  Probe  
  88  14:52  Void Ray (Chrono Boost)  
  97  14:58  Void Ray (Chrono Boost)  
  97  15:11  Probe  
  98  15:16  Photon Cannon  
  98  15:18  Photon Cannon  
  98  15:21  Probe  
  99  15:29  Void Ray (Chrono Boost)  
  99  15:31  Gateway  
  99  15:33  Gateway  
  99  15:35  Templar Archives  
  103  16:00  Probe  
  104  16:09  Void Ray (Chrono Boost)  
  112  16:12  Nexus  
  112  16:14  Pylon  
  112  16:15  Void Ray (Chrono Boost)  
  102  16:32  Photon Cannon  
  102  16:33  Photon Cannon  
  102  16:35  Photon Cannon x2, Probe  
  102  16:39  Pylon  
  103  16:42  Mothership Core  
  103  16:45  Probe  
  102  17:10  Void Ray (Chrono Boost)  
  114  17:15  Void Ray (Chrono Boost)  
  114  17:16  Void Ray (Chrono Boost)  
  106  17:29  Probe  
  106  17:34  Psionic Storm  
  106  17:35  Pylon  
  106  17:36  Photon Cannon  
  103  17:39  Probe, Assimilator  
  104  17:45  Assimilator  
  104  17:50  Probe  
  104  17:53  High Templar x4  
  113  18:00  Probe  
  114  18:11  Probe  
  111  18:22  Probe  
  112  18:28  High Templar x4  
  112  18:30  Gateway  
  112  18:32  Probe, Gateway  
  112  18:34  Gateway  
  121  18:43  Probe  
  122  18:53  Dark Shrine  
  114  19:33  High Templar  
  114  19:34  High Templar  
  114  19:35  High Templar x2  
  122  20:02  Stalker x3  
  128  20:12  Stalker x4  
  136  20:26  Stalker x2  
  136  20:27  Stalker  
  142  20:32  Gateway  
  142  20:35  Gateway  
  142  20:37  Stalker x4  
  142  20:38  Pylon  
  150  20:53  Stalker x3  
  156  21:02  Gateway  
  156  21:04  Gateway  
  156  21:05  Gateway  
  156  21:07  Dark Templar x3  
  156  21:10  Dark Templar  
  155  21:36  Cybernetics Core  
  155  21:40  Pylon  
  155  21:42  Pylon  
  155  21:44  Pylon  
  155  21:47  Forge  
  149  22:13  Gateway  
  149  22:14  Gateway  
  147  22:16  Gateway  
  147  22:19  Gateway  
  147  22:21  Gateway  
  136  22:22  Gateway  
  127  22:49  Photon Cannon  
  127  22:52  Photon Cannon  
  127  22:53  Photon Cannon  
  127  23:15  Pylon  
  127  23:16  Pylon  
  127  23:17  Pylon  
  127  23:19  Pylon  
  127  23:21  Pylon  
  127  23:22  Pylon  
  127  23:23  Pylon  
  75  24:19  Adept x5  
  75  24:20  Adept  
  75  24:22  Adept  
  75  24:23  Adept  
Show
View Real Time Build Order
Export as new Build Order

Sampro Zerg 

Build Orders: 3 Hatch before Pool 

Get SALT Encoding   

  12  0:01  Drone  
  13  0:12  Overlord  
  13  0:17  Drone  
  14  0:23  Extractor  
  14  0:24  Drone  
  15  0:30  Drone  
  16  0:35  Drone  
  17  0:52  Hatchery  
  17  0:55  Drone  
  17  1:15  Hatchery  
  17  1:18  Drone  
  17  1:31  Spawning Pool  
  16  1:34  Drone  
  16  1:38  Drone  
  18  1:41  Drone  
  18  1:47  Drone  
  20  1:48  Extractor  
  19  1:56  Overlord  
  19  2:07  Drone x2  
  21  2:17  Queen  
  21  2:18  Queen  
  25  2:28  Queen  
  27  2:31  Zergling x2  
  27  2:34  Zergling x2  
  29  2:43  Drone x3  
  32  2:49  Metabolic Boost  
  32  2:52  Drone  
  32  2:59  Zergling x2  
  32  3:00  Zergling x4  
  34  3:10  Zergling x4  
  34  3:11  Spine Crawler, Zergling x2  
  36  3:19  Spine Crawler  
  35  3:20  Zergling x4  
  35  3:32  Overlord  
  35  3:39  Zergling x2  
  35  3:40  Zergling x6  
  33  3:53  Queen, Roach Warren  
  32  4:02  Zergling x6  
  35  4:09  Zergling x4  
  37  4:16  Spine Crawler  
  36  4:22  Zergling x2  
  36  4:33  Roach  
  35  4:52  Roach x2  
  35  4:58  Roach  
  37  5:06  Roach  
  38  5:08  Overlord  
  37  5:25  Roach Warren  
  36  5:29  Overlord  
  36  5:42  Hatchery  
  35  5:45  Drone x3  
  38  6:08  Roach  
  38  6:09  Roach x3  
  46  6:14  Roach  
  49  6:35  Hatchery, Overlord  
  48  6:45  Burrow  
  48  6:56  Drone x3  
  48  6:59  Hatchery  
  50  7:04  Drone  
  50  7:05  Drone x2  
  53  7:11  Evolution Chamber  
  53  7:12  Ravager x2  
  53  7:15  Overlord  
  54  7:21  Drone  
  50  7:40  Drone x3  
  47  7:46  Extractor  
  47  7:48  Extractor  
  45  7:52  Zerg Missile Weapons Level 1  
  45  7:53  Drone x3  
  48  8:00  Drone x4, Extractor  
  51  8:14  Drone x3  
  51  8:19  Lair  
  54  8:29  Drone x6  
  60  8:36  Drone x3  
  63  8:51  Drone x3  
  63  8:54  Extractor  
  63  8:55  Extractor  
  64  9:03  Roach x4  
  64  9:04  Roach x3  
  64  9:07  Spore Crawler  
  64  9:08  Spore Crawler  
  76  9:11  Spore Crawler  
  75  9:23  Hydralisk Den  
  74  9:25  Drone x7  
  81  9:36  Overlord x3  
  81  9:42  Glial Reconstitution  
  81  9:46  Zerg Missile Weapons Level 2  
  81  9:47  Overseer  
  81  9:56  Hydralisk x3  
  81  9:59  Hydralisk  
  89  10:09  Hydralisk  
  89  10:10  Hydralisk x2  
  91  10:27  Hydralisk x2  
  91  10:28  Hydralisk x3  
  78  10:39  Hydralisk x2  
  70  10:50  Queen  
  70  10:56  Hydralisk x2  
  71  11:06  Drone x4  
  67  11:19  Hydralisk x2  
  67  11:25  Muscular Augments  
  69  11:32  Drone x2  
  71  11:41  Drone x4  
  75  11:50  Overseer  
  75  11:52  Queen  
  77  11:57  Ravager x3  
  77  11:58  Ravager x3  
  83  12:06  Drone x4  
  78  12:19  Drone x5  
  78  12:20  Drone  
  84  12:25  Spore Crawler  
  82  12:37  Drone x5  
  82  12:38  Drone  
  86  12:59  Overlord  
  86  13:00  Overlord  
  86  13:19  Hatchery  
  85  13:23  Hydralisk x7  
  99  13:35  Overlord x2  
  99  13:46  Drone x2  
  95  13:57  Drone x4  
  99  14:06  Spore Crawler  
  99  14:07  Zergling x2  
  99  14:13  Hatchery  
  99  14:16  Drone x2  
  100  14:24  Zerg Ground Armor Level 1  
  84  15:07  Hydralisk x9  
  97  15:17  Hatchery  
  96  15:21  Queen  
  96  15:23  Lair  
  96  15:27  Spore Crawler  
  97  15:28  Spore Crawler  
  96  15:50  Spore Crawler  
  96  15:51  Spore Crawler  
  95  15:57  Drone x8, Spore Crawler  
  95  16:00  Spore Crawler x2  
  90  16:29  Hatchery  
  90  16:31  Spore Crawler  
  90  16:32  Spore Crawler  
  87  16:35  Spore Crawler x2  
  87  16:36  Spore Crawler  
  84  16:40  Spore Crawler  
  81  17:03  Hydralisk x5  
  91  17:34  Hydralisk  
  91  17:35  Hydralisk x5  
  103  18:09  Overlord x4  
  102  18:18  Hatchery  
  101  18:40  Infestation Pit  
  100  18:45  Hydralisk x7  
  100  18:47  Hydralisk x3  
  100  18:48  Hydralisk  
  122  19:22  Pathogen Glands  
  122  19:33  Overlord x3  
  122  19:34  Overlord x3  
  122  19:52  Infestor x5  
  124  19:53  Infestor x3  
  138  20:21  Spawning Pool  
  138  20:23  Hydralisk  
  138  20:24  Hydralisk x5  
  149  20:59  Overlord x2  
  116  21:34  Overseer  
  116  21:35  Overseer x2  
  111  21:45  Spore Crawler x2  
  108  21:48  Spore Crawler  
  108  21:49  Spore Crawler x2  
  85  22:27  Hydralisk  
  85  22:28  Hydralisk x2  
  91  22:56  Infestor x5  
Tags
 
Add a new tag
Caveats
  • Supply blocks, unpowered buildings, or Contaminate may cause inaccurate times.
  • Supply counts are checked every 10 seconds.